 Dungeon Crawl Stone Soup version 0.20.0-15-g7f486f2 (webtiles) character file.

106 KleinerIrrer the Ruffian (level 4, -4/35 HPs)
             Began as a Draconian Transmuter on June 27, 2017.
             Slain by tschems's ghost (16 damage)
             ... on level 3 of the Dungeon.
             The game lasted 00:08:25 (2172 turns).

KleinerIrrer the Ruffian (Draconian Transmuter)     Turns: 2172, Time: 00:08:25

Health: -4/35      AC:  5    Str: 13    XL:     4   Next: 55%
Magic:  1/7        EV: 12    Int: 13    God:
Gold:   63         SH:  0    Dex: 12    Spells: 3/7 levels left

rFire    . . .     SeeInvis .     - Unarmed
rCold    . . .     Gourm    .   (no shield)
rNeg     . . .     Faith    .   (armour unavailable)
rPois    .         Spirit   .   (helmet restricted)
rElec    .         Reflect  .   (no cloak)
rCorr    .         Harm     .   (no gloves)
MR       .....                  (no boots)
Stlth    +.........             (no amulet)
Regen    0.2/turn               (no ring)
MPRegen  0.1/turn               (no ring)

@: appendage, very slightly contaminated
A: unfitting armour, horns 2, cold-blooded, AC +5
a: End Transformation


You were on level 3 of the Dungeon.
You were not hungry.
You had grown temporary horns.
You visited 1 branch of the dungeon, and saw 3 of its levels.

You collected 63 gold pieces.

Inventory:

Hand Weapons
 a - a cursed -3 dagger
 l - a +0 dagger of protection
Jewellery
 i - an uncursed ring of loudness
Books
 b - a book of Changes

   Spells                             Type                      Level
   a - Beastly Appendage              Transmutation                1
   b - Sticks to Snakes               Transmutation                2
   c - Spider Form                    Transmutation/Poison         3
   d - Ice Form                       Ice/Transmutation            4
   e - Blade Hands                    Transmutation                5
Comestibles
 c - 3 bread rations
 d - 2 royal jellies
 f - 8 chunks of flesh
 g - 2 meat rations


   Skills:
 + Level 1.2 Fighting
 + Level 2.2 Dodging
 - Level 0.2 Stealth
 + Level 4.3 Unarmed Combat
 + Level 2.3 Spellcasting
 * Level 2.8 Transmutations


You had 3 spell levels left.
You knew the following spells:

 Your Spells              Type           Power        Failure   Level  Hunger
a - Beastly Appendage     Tmut           #.....       8%          1    #......
b - Spider Form           Tmut/Pois      #.........   38%         3    ###....


Dungeon Overview and Level Annotations

Branches:
Dungeon (3/15)

Altars:
Ashenzari
Fedhas
Vehumet

Annotations:
D:3 tschems's ghost, amateur HuFi


Innate Abilities, Weirdness & Mutations

Your plain brown scales are hard. (AC +5)
You cannot fit into any form of body armour.
You are cold-blooded and may be slowed by cold attacks.
You have a pair of horns on your head.


Message History

You hit tschems's ghost but do no damage.
Tschems's ghost barely misses you.
You hit tschems's ghost but do no damage.
Tschems's ghost hits you.
You hit tschems's ghost but do no damage.
Tschems's ghost closely misses you.
You hit tschems's ghost but do no damage.
Tschems's ghost hits you.
You barely miss tschems's ghost. Tschems's ghost barely misses you.
You hit tschems's ghost but do no damage.
Tschems's ghost misses you.
You hit tschems's ghost but do no damage.
Tschems's ghost closely misses you.
Casting: Spider Form
Confirm with . or Enter, or press ? or * to list all spells.
Your transformation has ended.
You grow a pair of large bovine horns.
Tschems's ghost hits you.
Tschems's ghost whispers, "The ORB doesn't exist."
Tschems's ghost hits you!
You die...

#..########
..........# ..# #.# .
#.# ##.## ..# #.#
##...# .... #.#
##<#.#.#
.###.###.####.##W##.##
##..).(#......@....#
.###..##.#.##.##.##..#
(.#... #...###.#.# .#
..#..# #..W# #... #
.._.. #...# #.## ..#..
#...# #.# ..#.
#.......# #.# .###
#.##....# #.# #.
#(.!.#


You could see tschems's ghost.

Vanquished Creatures
  An orc wizard (D:3)
  3 adders (D:2)
  2 worms
  2 dart slugs
  3 orcs (D:3)
  2 giant cockroaches (D:1)
  4 goblins (D:1)
  4 hobgoblins
  3 jackals (D:1)
  4 kobolds (D:1)
  A ball python (D:1)
  4 bats
  A frilled lizard (D:1)
  5 rats
39 creatures vanquished.

Notes
Turn   | Place    | Note
-------+----------+-------------------------------------------
     0 | D:1      | KleinerIrrer the Draconian Transmuter began the quest for the Orb.
     0 | D:1      | Reached XP level 1. HP: 16/16 MP: 3/3
   211 | D:1      | Reached XP level 2. HP: 22/23 MP: 3/5
   830 | D:2      | Found a radiant altar of Vehumet.
   867 | D:2      | Reached XP level 3. HP: 24/28 MP: 4/6
  1384 | D:2      | Found a blossoming altar of Fedhas.
  1732 | D:2      | Reached skill level 4 in Unarmed Combat
  1927 | D:3      | Learned a level 3 spell: Spider Form
  1942 | D:3      | Reached XP level 4. HP: 32/35 MP: 5/7
  1953 | D:3      | Found a shattered altar of Ashenzari.
  2065 | D:3      | Noticed tschems's ghost (amateur HuFi)
  2172 | D:3      | Slain by tschems's ghost

Skill      XL: |  1  2  3 |
---------------+----------+-----
Dodging        | 2 |  2.2
Unarmed Combat | 4 |  4.3
Fighting       | |  1.2
Stealth        | |  0.2
Spellcasting   | |  2.3
Transmutations | |  2.8

Action                   |  1- 3 |  4- 6 || total
-------------------------+-------+-------++-------
Melee: Unarmed           |   130 |    46 ||   176
       Headbutt          |     9 |       ||     9
       Kick              |    16 |     9 ||    25
       Tailslap          |    11 |     5 ||    16
       Punch             |     1 |       ||     1
 Cast: Beastly Appendage |    25 |     5 ||    30
       Spider Form       |       |     1 ||     1
  Use: Scroll            |     3 |     3 ||     6
       Potion            |     3 |       ||     3
  Eat: Chunk             |     3 |     2 ||     5
Armor: Skin              |    40 |     7 ||    47
Dodge: Dodged            |    66 |    25 ||    91
